 Dungeon Crawl Stone Soup version 0.24.0-125-gc4c63601f3 (webtiles) character file.

Game seed: 2261038505972011890, levelgen mode: deterministic

4213 Kniotic the Martial Artist (level 10, -3/80 HPs)
             Began as a Demonspawn Monk on Feb 20, 2020.
             Was a Believer of Cheibriados.
             Killed from afar by an efreet (23 damage)
             ... with a fireball
             ... on level 8 of the Dungeon.
             The game lasted 00:18:49 (9153 turns).

Kniotic the Martial Artist (Demonspawn Monk)        Turns: 9153, Time: 00:18:49

Health: -3/80      AC: 15    Str: 17    XL:     10   Next: 9%
Magic:  10/10      EV: 24    Int: 18    God:    Cheibriados [**....]
Gold:   493        SH:  0    Dex: 28    Spells: 9/9 levels left

rFire    . . .     SeeInvis .     - Unarmed
rCold    + . .     Gourm    .   (no shield)
rNeg     . . .     Faith    .   o - +1 robe {rF+}
rPois    .         Spirit   .   g - +0 helmet
rElec    +         Reflect  .   l - +1 cloak
rCorr    +         Harm     .   h - +2 pair of gloves
MR       .....     Rnd*Rage +   (no boots)
Stlth    +++++.....             e - amulet of regeneration
HPRegen  0.63/turn              m - ring of resist corrosion
MPRegen  0.12/turn              i - ring of ice

@: agile, sanguine armour, very slow
A: talons 2, berserk 1, clever 1, nightstalker 1, electricity resistance, strong
1, sanguine armour 1
a: Bend Time, Renounce Religion


You were on level 8 of the Dungeon.
You worshipped Cheibriados.
Cheibriados was pleased with you.
You were not hungry.

You visited 2 branches of the dungeon, and saw 9 of its levels.
You also visited: Bailey.

You collected 493 gold pieces.

Inventory:

Hand Weapons
 w - the +10 flail "Aggy" {crush, Str+4}
   (You found it on level 7 of the Dungeon)

   It inflicts extra damage upon your enemies.
   It affects your strength (+4).
 x - the +2 whip of the Living Dead {flame, rC+ MR- Int+2}
   (You found it in a bailey)

   It has been specially enchanted to burn those struck by it, causing extra
   injury to most foes and up to half again as much damage against particularly
   susceptible opponents.
   It affects your intelligence (+2).
   It protects you from cold.
   It affects your resistance to hostile enchantments.
Armour
 g - a +0 helmet (worn)
 h - a +2 pair of gloves (worn)
 l - a +1 cloak (worn)
 o - a +1 robe of fire resistance (worn)
 y - +0 acid dragon scales
Jewellery
 e - an amulet of regeneration (around neck)
 i - a ring of ice (right hand)
 m - a ring of resist corrosion (left hand)
 s - the ring of Utrollunaci {rN+ Int+4, unknown}
   (You acquired it on level 8 of the Dungeon)

   [ring of positive energy]

   It affects your intelligence (+4).
   It protects you from negative energy.
Wands
 q - a wand of polymorph (10)
 t - a wand of flame (18)
 u - a wand of iceblast (3)
Scrolls
 c - a scroll of teleportation
 d - 2 scrolls of amnesia
 f - 3 scrolls of enchant weapon
 j - 2 scrolls of enchant armour
 k - 3 scrolls of remove curse
 n - 4 scrolls of identify
 r - a scroll of magic mapping
Potions
 a - a potion of flight
Comestibles
 b - 15 rations


   Skills:
 + Level 7.8 Fighting
 + Level 7.1 Dodging
 - Level 1.7 Stealth
 - Level 10.0 Unarmed Combat


You had 9 spell levels left.
You didn't know any spells.
Your spell library was empty.

Dungeon Overview and Level Annotations

Branches:
Dungeon (8/15)             Temple (1/1) D:6          Bailey (visited)
   Lair: D:8-11

Altars:
Ashenzari
Cheibriados
Dithmenos
Elyvilon
Fedhas
Gozag
Kikubaaqudgha
Makhleb
Nemelex Xobeh
Okawaru
Qazlal
Sif Muna
Trog
Uskayaw
Vehumet
Wu Jian
Xom
Yredelemnul
Zin
The Shining One

Shops:
D:2 *

Annotations:
D:5 Duvessa
D:8 1 runed translucent door


Innate Abilities, Weirdness & Mutations

You have razor-sharp toenails.
You are slightly more attuned to the shadows.
When seriously injured, your bleeding wounds create armour. (AC +6)
You tend to lose your temper in combat.
Your mind is acute. (Int +2)
You are resistant to electric shocks. (rElec)
Your muscles are strong. (Str +2)


Message History

The efreet gestures at you. The bolt of fire hits you!!
Your blood congeals into armour.
You hit the efreet. You claw the efreet, but do no damage.
The efreet is lightly wounded.
You punch the efreet! Your kick misses the efreet. You punch the efreet.
The efreet is heavily wounded.
The efreet gestures at you.
The fireball explodes!
The fireball engulfs you!!
* * * LOW HITPOINT WARNING * * *
The fireball engulfs the efreet.
The efreet completely resists.
You are confused.
You feel invigorated. The efreet barely misses you.
The efreet hits you but does no damage.
You feel less invigorated.
You feel less confused.
You punch the efreet! You claw the efreet, but do no damage.
The efreet is severely wounded.
The efreet gestures at you.
The fireball explodes!
The fireball engulfs you!!
You die...

### ### ### ######.#######
#.####.######
.....#.......######.#.........###
####.#.#####.....................
####.#.############..###.####.###
..........................###.# #
#....#.############..###..#...# #
#....#.#.#....#####..###..#.#.# #
#....#.#......○R@.....###.....# #
#....#.#....#.#####..## #.....# #
............#○.......####.....###
####.........R......##...........
####.#.#......☼..................
.......#.#.##.R..##.#......_.....
.......#.#.#......#..............
###†...#.#.##.#.#.#.#............
#..#...#.#............###.....###


You could see an efreet.

Vanquished Creatures
  Prince Ribbit (D:7)
  A hippogriff (D:6)
  4 hogs (D:7)
  A human (D:7)
  A hungry ghost (D:6)
  Edmund (D:4)
  An acid dragon (D:8)
  3 ice beasts
  A sky beast (D:5)
  4 orc warriors (Bailey)
  4 ogres
  A centaur (D:8)
  2 bullfrogs
  A gnoll sergeant (D:6)
  Dowan (D:5)
  2 scorpions
  3 killer bees (D:8)
  3 howler monkeys
  6 crimson imps
  A bullfrog zombie (D:8)
  2 quasits (D:8)
  3 hounds
  2 jellies (D:5)
  2 orc priests
  An orc wizard (D:6)
  A centaur skeleton (D:4)
  A bullfrog skeleton (D:7)
  4 worker ants
  A hound zombie (D:7)
  A worker ant zombie (D:7)
  12 adders
  9 gnolls
  2 shadow imps
  An ooze (D:3)
  An adder zombie (D:6)
  3 adder skeletons
  2 worms
  3 dart slugs
  4 leopard geckos
  18 orcs
  7 giant cockroaches
  15 goblins
  9 hobgoblins
  9 jackals
  2 ball pythons
  8 bats
  11 frilled lizards
  A giant cockroach zombie (D:5)
  9 kobolds
  A leopard gecko skeleton (D:7)
  A leopard gecko zombie (D:8)
  2 quokka skeletons
  A quokka zombie (D:6)
  8 rats
199 creatures vanquished.

Vanquished Creatures (others)
  An orc (D:4)
1 creature vanquished.

Grand Total: 200 creatures vanquished

Notes
Turn   | Place    | Note
-------+----------+-------------------------------------------
     0 | D:1      | Kniotic the Demonspawn Monk began the quest for the Orb.
     0 | D:1      | Reached XP level 1. HP: 18/18 MP: 1/1
    82 | D:1      | Reached skill level 3 in Unarmed Combat
   119 | D:1      | Gained mutation: When seriously injured, your bleeding
                  | wounds create armour. (AC +6) [demonic ancestry]
   119 | D:1      | Reached XP level 2. HP: 16/24 MP: 2/2
   722 | D:2      | Reached XP level 3. HP: 24/29 MP: 3/3
   903 | D:2      | Reached skill level 4 in Unarmed Combat
  1161 | D:2      | Found a glowing silver altar of Zin.
  1275 | D:2      | Found an opulent altar of Gozag.
  1278 | D:2      | Found Gozag's Platinum Reserve.
  1424 | D:3      | Reached XP level 4. HP: 31/35 MP: 4/4
  1860 | D:3      | Found a blossoming altar of Fedhas.
  2108 | D:3      | Reached skill level 5 in Unarmed Combat
  2692 | D:3      | Reached XP level 5. HP: 40/41 MP: 5/5
  3593 | D:4      | Found a stormy altar of Qazlal.
  3629 | D:4      | Noticed Edmund
  3674 | D:4      | Killed Edmund
  3674 | D:4      | Reached skill level 6 in Unarmed Combat
  3674 | D:4      | Gained mutation: You have sharp toenails. [demonic
                  | ancestry]
  3674 | D:4      | Reached XP level 6. HP: 20/47 MP: 6/6
  4030 | D:4      | Reached skill level 7 in Unarmed Combat
  4210 | D:4      | Gained mutation: You are slightly more attuned to the
                  | shadows. [demonic ancestry]
  4210 | D:4      | Reached XP level 7. HP: 42/52 MP: 7/7
  4583 | D:5      | Entered Level 5 of the Dungeon
  4598 | D:5      | Noticed Duvessa
  4603 | D:5      | Noticed Dowan
  4671 | D:5      | Found a shimmering blue altar of Sif Muna.
  4749 | D:5      | Found a sparkling altar of Nemelex Xobeh.
  4758 | D:5      | Reached skill level 8 in Unarmed Combat
  4811 | D:5      | Found a burning altar of Makhleb.
  5142 | D:5      | Killed Dowan
  5219 | D:5      | Reached XP level 8. HP: 57/58 MP: 8/8
  5224 | D:5      | Reached skill level 9 in Unarmed Combat
  5636 | D:6      | Found a staircase to the Ecumenical Temple.
  5671 | Temple   | Entered the Ecumenical Temple
  5990 | Temple   | Gained mutation: Your muscles are strong. (Str +2) [potion
                  | of mutation]
  5990 | Temple   | Gained mutation: You are resistant to electric shocks.
                  | (rElec) [potion of mutation]
  5990 | Temple   | Gained mutation: You tend to lose your temper in combat.
                  | [potion of mutation]
  5990 | Temple   | Gained mutation: Your mind is acute. (Int +2) [potion of
                  | mutation]
  5991 | Temple   | Reached skill level 10 in Unarmed Combat
  6619 | D:6      | Noticed a hippogriff
  6633 | D:6      | Killed a hippogriff
  7247 | D:7      | Found a radiant altar of Vehumet.
  7357 | D:7      | Gained mutation: You have razor-sharp toenails. [demonic
                  | ancestry]
  7357 | D:7      | Reached XP level 9. HP: 66/66 MP: 9/9
  7391 | D:7      | Noticed Prince Ribbit
  7400 | D:7      | Killed Prince Ribbit
  7400 | D:7      | Reached skill level 5 in Fighting
  7548 | D:7      | Found a glowing golden altar of the Shining One.
  7701 | D:7      | Reached skill level 5 in Dodging
  7913 | D:7      | Found a bloodstained altar of Trog.
  7920 | D:7      | Got a bloodstained flail
  7921 | D:7      | Identified the +10 flail "Aggy" {crush, Str+4} (You found
                  | it on level 7 of the Dungeon)
  8022 | D:8      | Found a flagged portal.
  8058 | Bailey   | Entered a bailey
  8240 | Bailey   | Got a fine whip
  8241 | Bailey   | Identified the +2 whip of the Living Dead {flame, rC+ MR-
                  | Int+2} (You found it in a bailey)
  8338 | Bailey   | Noticed an orc knight
  8628 | D:8      | Found a runed translucent door.
  8735 | D:8      | Reached XP level 10. HP: 70/79 MP: 10/10
  9015 | D:8      | Identified a scroll of acquirement
  9016 | D:8      | Got a wavering steel ring
  9029 | D:8      | Found a snail-covered altar of Cheibriados.
  9041 | D:8      | Became a worshipper of Cheibriados the Contemplative
  9041 | D:8      | Reached * piety under Cheibriados
  9041 | D:8      | Reached ** piety under Cheibriados
  9149 | D:8      | HP: 3/80 [efreet/fireball (32)]
  9153 | D:8      | Killed from afar by an efreet

Levels and vault maps discovered:
D:1:      giann_wishing_wells, layout_basic
D:2:      layout_rooms, lemuel_coloured_pillars_altar,
          nicolae_gozag_zags_fifth_avenue, first_ration
D:3:      layout_basic, lemuel_crystal_altar, hangedman_decor_lopped,
          minmay_statues_item, minmay_lizard_king
D:4:      layout_loops_corners, grunt_qazlal_clouds, uniq_edmund
D:5:      layout_loops_cross, nemelex_xobeh_ov_fountains_minmay,
          lemuel_crystal_altar, marbit_many_paths, uniq_duvessa
D:6:      layout_loops_ring, minmay_temple_entry_grid
D:7:      layout_rooms, vehumet_altar_wand_db, nicolae_overflow_hidden_temple,
          nicolae_tso_carved_into_rock, grunt_livestock, uniq_prince_ribbit1
D:8:      minmay_the_grid_triangle_9x9_rhombus_thin
          [minmay_the_grid_triangle_9x9_windchime,
          minmay_the_grid_triangle_9x9_prize_special,
          minmay_the_grid_triangle_9x9_negative_grid,
          minmay_the_grid_triangle_9x9_subtriangle], layout_basic, slow_altar_1,
          lightli_bailey_entry_fortress
Temple:   compressed_dpeg_triangle_lava_temple

Skill      XL: |  1  2  3  4  5  6  7  8  9 10 |
---------------+-------------------------------+-----
Unarmed Combat | 3 4 5 6 7 8 10 | 10.0
Dodging        | 4 6 7 |  7.1
Fighting       | 4 7 |  7.8
Stealth        | |  1.7

Action                   |  1- 3 |  4- 6 |  7- 9 | 10-12 || total
-------------------------+-------+-------+-------+-------++-------
Melee: Unarmed           |   146 |   238 |   328 |    61 ||   773
       Punch             |     5 |     8 |    15 |     5 ||    33
       Kick              |       |    11 |   107 |    22 ||   140
Evoke: Wand              |       |     6 |     4 |       ||    10
  Use: Scroll            |     3 |     1 |     6 |     3 ||    13
       Potion            |       |     5 |     1 |     2 ||     8
 Stab: Sleeping          |     6 |     3 |    18 |     1 ||    28
       Paralysed         |       |    17 |     8 |       ||    25
       Distracted        |       |       |     1 |       ||     1
  Eat: Chunk             |     1 |     6 |    13 |     1 ||    21
       Ration            |       |     1 |     1 |       ||     2
Armor: Robe              |    30 |    45 |    59 |    13 ||   147
Dodge: Dodged            |    96 |   143 |   190 |    66 ||   495
